 Dungeon Crawl Stone Soup version 0.31.0-32-g396128a36d (webtiles) character file.

Game seed: 16613463220508081093

188 Dvallin the Changeling (level 5, -4/35 HPs)
             Began as a Draconian Shapeshifter on Apr 1, 2024.
             Splashed by a jelly's acid (9 damage)
             ... on level 3 of the Dungeon.
             The game lasted 00:02:07 (1577 turns).

Dvallin the Changeling (Draconian Shapeshifter)     Turns: 1577, Time: 00:02:08

Health: -4/35      AC: -11   Str: 22    XL:     5   Next: 39%
Magic:  5/5        EV: 16    Int: 11    God:
Gold:   98         SH:  5    Dex: 12    Spells: 4/4 levels left

rFire   . .          .
                       - Unarmed
rCold   . . .        (shield currently unavailable)
rNeg    . . .        (body armour unavailable)
rPois   .            (helmet restricted)
rElec   .            (no cloak)
rCorr   .            (no gloves)
SInv    .            (no boots)
Will    .....        f - amulet of reflection
Stlth   +            m - +6 ring of strength
HPRegen 0.25/turn    (no ring)
MPRegen 0.09/turn

%: reflection
@: flux-form, corroded, glowing
A: glow, contaminating, reduced hp, AC +5, unfitting armour, cold-blooded
a: Begin Untransformation


You were on level 3 of the Dungeon.
You were something dangerously unstable.
You visited 1 branch of the dungeon, and saw 3 of its levels.

You collected 98 gold pieces.

Inventory:

Jewellery
 f - an amulet of reflection (around neck)
 m - a +6 ring of strength (left hand)
Talismans
 b - a beast talisman
 c - a flux talisman (active)
 l - a blade talisman
Scrolls
 g - 3 scrolls of poison {unknown}
 i - 2 scrolls of immolation {unknown}
 j - a scroll of enchant weapon {unknown}
 k - a scroll of blinking {unknown}
 n - a scroll of identify {unknown}
 o - a scroll of teleportation {unknown}
Potions
 a - 2 potions of lignification
 d - 2 potions of mutation {unknown}
 e - a potion of curing {unknown}
 h - a potion of resistance {unknown}


   Skills:
 - Level 1.1 Fighting
 - Level 1.7 Dodging
 - Level 3.0 Unarmed Combat
 + Level 5.8 Shapeshifting


You had 4 spell levels left.
You didn't know any spells.
Your spell library was empty.

Dungeon Overview and Level Annotations

Branches:
Dungeon (3/15)

Altars:


Innate Abilities, Weirdness & Mutations

You are something dangerously unstable.
You glow with magical radiation, making you easy to see and hit.
Foes you strike become dangerously contaminated with magical radiation.
Your maximum health is decreased, since you lack skill for your form.
You are incapable of wielding weapons or throwing items.
Your plain brown scales are hard. (AC +5)
You cannot fit into any form of body armour.
You are cold-blooded and may be slowed by cold attacks.


Message History

The jelly is heavily wounded.
The jelly hits you. The acid corrodes you!
You are splashed with acid!
You block the hobgoblin's attack.
You are too injured to fight recklessly!
You are too injured to fight recklessly!
You are too injured to fight recklessly!
You are too injured to fight recklessly!
You are too injured to fight recklessly!
You are too injured to fight recklessly!
You are too injured to fight recklessly!
You are too injured to fight recklessly!
You are too injured to fight recklessly!
You are too injured to fight recklessly!
You are too injured to fight recklessly!
You are too injured to fight recklessly!
You are too injured to fight recklessly!
You are too injured to fight recklessly!
You are too injured to fight recklessly!
You are too injured to fight recklessly!
You are too injured to fight recklessly!
You are too injured to fight recklessly!
You are too injured to fight recklessly!
You are too injured to fight recklessly!
You are too injured to fight recklessly!
Unknown command.
Unknown command.
You hit the jelly but do no damage.
The jelly glows dangerously bright.
The acid corrodes you!
Your hands burn!
* * * LOW HITPOINT WARNING * * *
The jelly is heavily wounded.
You block the jelly's attack. The hobgoblin barely misses you.
You hit the jelly but do no damage.
The jelly shudders as magic cascades through it.
The jelly twists and deforms.
The acid corrodes you!
Your hands burn!
* * * LOW HITPOINT WARNING * * *
The jelly is severely wounded.
The hobgoblin barely misses you. The jelly hits you.
* * * LOW HITPOINT WARNING * * *
You are splashed with acid!
You die...

#...#...............#
#...#.............#
#.............#.#.#
#.................###
#.........##.##.###.
..........##.#..#..
#.[..<)...##.#.##.# .#
#.........##.#.)#.#...##
###.###+####.#..pJ......
#. #.#...g....## ..
#........# ..
#....#...." ..
#.<..#.#### .. .....# #
.#.#..# ..#....#


You could see a jelly (misshapen) and a hobgoblin.

Vanquished Creatures
  Natasha (thrice) (D:2)
  A gnoll (D:1)
  2 adders
  3 dart slugs
  A ribbon worm (D:2)
  An orc (D:3)
  8 endoplasms
  17 giant cockroaches (D:2)
  6 hobgoblins
  7 jackals
  3 quokkas
  6 ball pythons
  3 bats
  A frilled lizard (D:1)
  2 goblins
  2 kobolds
  3 rats
69 creatures vanquished.

Notes
Turn   | Place    | Note
-------+----------+-------------------------------------------
     0 | D:1      | Dvallin the Draconian Shapeshifter began the quest for the
                  | Orb.
     0 | D:1      | Reached XP level 1. HP: 16/16 MP: 1/1
   135 | D:1      | Reached XP level 2. HP: 9/23 MP: 2/2
   308 | D:1      | Reached skill level 4 in Shapeshifting
   308 | D:1      | Found a faded altar of an unknown god.
   378 | D:1      | Reached XP level 3. HP: 14/28 MP: 3/3
   962 | D:2      | Reached XP level 4. HP: 26/35 MP: 4/4
  1020 | D:2      | Noticed Natasha
  1030 | D:2      | Killed Natasha
  1031 | D:2      | Reached skill level 5 in Shapeshifting
  1217 | D:2      | Noticed Natasha
  1224 | D:2      | Killed Natasha
  1225 | D:2      | Reached XP level 5. HP: 23/40 MP: 5/5
  1240 | D:2      | Noticed Natasha
  1249 | D:2      | Killed Natasha
  1577 | D:3      | Splashed by a jelly's acid

Illustrated notes

Levels and vault maps discovered:
D:1:      dreamdust_arrival_sigmund_warning, layout_loops_ring,
          shapermc_ecumenical_altar_notcrosses
D:2:      minmay_roachtagon, layout_rooms, uniq_natasha
D:3:      layout_basic, uniq_crazy_yiuf_cottage

Skill      XL: |  1  2  3  4 |
---------------+-------------+-----
Shapeshifting  | 4 5 |  5.8
Fighting       | |  1.1
Dodging        | |  1.7
Unarmed Combat | |  3.0

Action                     |  1- 3 |  4- 6 || total
---------------------------+-------+-------++-------
  Melee: Unarmed           |   148 |   109 ||   257
         Tailslap          |    21 |    19 ||    40
 Armour: Skin              |    71 |    53 ||   124
  Dodge: Dodged            |   151 |    95 ||   246
  Block: Other             |       |    14 ||    14
   Form: Flux              |     1 |       ||     1
